General information
- name: Partida local (kodachi)
- type: Custom game
- host: kodachi
- saver: badmotherfucker
map: ShrineOfTheAncients
- players: 2
- length: 45:15
- speed: Fast
- version: 1.26 W3XP
- replay type: Public
» download(226 KB)
Players
team 1 (loser)
kodachi (
red | 50 APM | 2272 actions | 45:09)
3 Crypt Lord
1 Carrion Beetles
1 Spiked Carapace
1 Impale
1 Death Knight
1 Death Coil
» actions
| Assign group hotkey | 17 | |
| Basic commands | 3 | |
| Build / train | 75 | |
| Enter build submenu | 41 | |
| Enter hero's abilities submenu | 4 | |
| Give item / drop item | 1 | |
| Remove unit from queue | 5 | |
| Right click | 1271 | |
| Select / deselect | 607 | |
| Select group hotkey | 151 | |
| Use ability | 97 | |
2272 total
» units
| Acolyte | 14 | |
| Ghoul | 4 | |
| Crypt Fiend | 7 | |
| Obsidian Statue | 1 | |
| Abomination | 6 | |
| Frost Wyrm | 4 | |
36 total
» upgrades
| Creature Carapace | 1 | |
| Cannibalize | 1 | |
| Disease Cloud | 1 | |
| Web | 1 | |
| Destroyer Form | 1 | |
| Unholy Armor | 1 | |
| Burrow | 1 | |
| Freezing Breath | 1 | |
| Ghoul Frenzy | 1 | |
9 total
» buildings
| Altar of Darkness | 1 | |
| Ziggurat | 20 | |
| Tomb of Relics | 1 | |
| Graveyard | 2 | |
| Crypt | 3 | |
| Nerubian Tower | 3 | |
| Spirit Tower | 8 | |
| Halls of the Dead | 1 | |
| Slaughterhouse | 3 | |
| Black Citadel | 1 | |
| Sacrificial Pit | 1 | |
| Boneyard | 1 | |
| Temple of the Damned | 1 | |
46 total
» build order
00:07 Altar of Darkness
00:11 Ziggurat
00:20 Tomb of Relics
00:57 Graveyard
01:27 Crypt
01:29 Nerubian Tower
01:46 Ziggurat
02:46 Spirit Tower
03:16 Ziggurat
04:34 Graveyard
04:37 Nerubian Tower
05:02 Halls of the Dead
05:12 Ziggurat
06:11 Spirit Tower
06:42 Crypt
06:48 Crypt
08:04 Slaughterhouse
08:37 Slaughterhouse
08:46 Ziggurat
09:50 Slaughterhouse
10:18 Black Citadel
10:40 Sacrificial Pit
11:23 Spirit Tower
14:19 Boneyard
16:30 Temple of the Damned
16:43 Ziggurat
19:00 Spirit Tower
19:27 Ziggurat
21:02 Spirit Tower
22:53 Ziggurat
23:54 Spirit Tower
24:12 Ziggurat
26:55 Nerubian Tower
27:06 Ziggurat
27:11 Ziggurat
27:12 Ziggurat
27:57 Ziggurat
28:22 Ziggurat
28:40 Ziggurat
28:48 Ziggurat
30:08 Ziggurat
35:07 Ziggurat
35:21 Ziggurat
36:39 Spirit Tower
36:41 Spirit Tower
40:08 Ziggurat
42:02 Nerubian Tower
» items
| Rod of Necromancy | 1 | |
| Dust of Appearance | 4 | |
| Sacrificial Skull | 1 | |
| Scroll of Town Portal | 1 | |
| Potion of Healing | 2 | |
9 total
team 2 (winner)
badmotherfucker (
brown | 46 APM | 2061 actions | 45:15)
9 Blademaster
3 Wind Walk
3 Critical Strike
1 Bladestorm
2 Mirror Image
» actions
| Assign group hotkey | 46 | |
| Build / train | 117 | |
| ESC pressed | 1 | |
| Enter build submenu | 37 | |
| Enter hero's abilities submenu | 9 | |
| Give item / drop item | 6 | |
| Right click | 1014 | |
| Select / deselect | 530 | |
| Select group hotkey | 104 | |
| Use ability | 197 | |
2061 total
» units
| Peon | 16 | |
| Grunt | 4 | |
| Raider | 7 | |
| Spirit Walker | 2 | |
| Troll Witch Doctor | 2 | |
| Tauren | 3 | |
| Shaman | 2 | |
| Kodo Beast | 1 | |
| Wind Rider | 1 | |
38 total
» upgrades
| Armor | 3 | |
| Ensnare | 1 | |
| Pillage | 1 | |
| Spirit Walker Training | 2 | |
| Berserker Strength | 1 | |
| Witch Doctor Training | 2 | |
| Pulverize | 1 | |
| Reinforced Defenses | 1 | |
| Spiked Barricades | 3 | |
| Shaman Training | 2 | |
| Melee Weapons | 3 | |
| War Drums Damage Increase | 1 | |
| Envenomed Spears | 1 | |
| Ranged Weapons | 2 | |
24 total
» buildings
| Altar of Storms | 1 | |
| Orc Burrow | 8 | |
| Barracks | 1 | |
| Voodoo Lounge | 2 | |
| Stronghold | 1 | |
| War Mill | 3 | |
| Great Hall | 1 | |
| Watch Tower | 9 | |
| Beastiary | 2 | |
| Spirit Lodge | 2 | |
| Fortress | 1 | |
| Tauren Totem | 1 | |
32 total
» build order
00:07 Altar of Storms
00:10 Orc Burrow
00:58 Barracks
01:22 Orc Burrow
01:40 Voodoo Lounge
03:44 Stronghold
04:07 Orc Burrow
04:38 War Mill
05:21 Great Hall
05:55 Watch Tower
06:11 Beastiary
07:25 Beastiary
07:42 Spirit Lodge
07:47 Spirit Lodge
07:52 Orc Burrow
10:15 Fortress
10:19 Orc Burrow
14:10 Watch Tower
14:12 Watch Tower
14:28 Tauren Totem
15:07 Orc Burrow
16:01 Watch Tower
16:04 Watch Tower
17:02 War Mill
19:27 Orc Burrow
19:28 Orc Burrow
20:01 War Mill
20:53 Voodoo Lounge
34:29 Watch Tower
34:31 Watch Tower
34:33 Watch Tower
34:36 Watch Tower
» items
| Healing Salve | 8 | |
| Lesser Clarity Potion | 5 | |
| Scroll of Speed | 3 | |
| Scroll of Town Portal | 7 | |
| Orb of Lightning | 3 | |
| Potion of Healing | 11 | |
| Potion of Mana | 5 | |
| Tiny Great Hall | 1 | |
43 total
Chat log
(27:32 / All) kodachi: achó
(27:39 / All) kodachi: porke están ahí??
(27:49 / All) badmotherfucker: ya no estan
(44:36 / All) kodachi: me ha faltao poco
(44:45 / All) kodachi: por los curanderos
(44:46 / All) badmotherfucker: xD solo rebentarme el ejercito entero ?